[Event "Team 45 45 League T32"]
[Site "Internet Chess Club"]
[Date "2007.02.24"]
[Round "6"]
[White "tryanything"]
[Black "wfreeman"]
[Result "0-1"]
[WhiteElo "1690"]
[BlackElo "1510"]
[ECO "A40"]
[TimeControl "2700+45"]

1. d4 g6 2. c4 Bg7 3. Nc3 d6 4. e4 Nd7 5. Nf3 Ngf6 6. Bf4 O-O 7. Be2 e5 8. Be3
exd4 9. Bxd4 Re8 10. Qc2 c5 11. Be3 Ng4 12. O-O Nxe3 13. fxe3 Ne5 14. Rad1 Ng4
15. Nd5 Be6 16. Rd3 Bxd5 17. cxd5 Rxe4 18. Qc1 c4 19. Rd4 Bxd4 20. Nxd4 Nxe3 21.
Rf3 Qe7 22. Nc6 bxc6 23. dxc6 Rc8 {White resigns} 0-1

[Event "Team 45 45 League T32"]
[Site "Internet Chess Club"]
[Date "2007.02.23"]
[Round "6"]
[White "Mutaant"]
[Black "Fineas-Fogg"]
[Result "1-0"]
[WhiteElo "1491"]
[BlackElo "1465"]
[ECO "B20"]
[TimeControl "2700+45"]

1. e4 c5 2. Bc4 e6 3. Nf3 d5 4. exd5 exd5 5. Bb5+ Bd7 6. Qe2+ Ne7 7. Nc3 d4 8.
Nd5 Bxb5 9. Qxb5+ Qd7 10. Qxd7+ Nxd7 11. Nc7+ Kd8 12. Nxa8 b6 13. Ng5 Ne5 14. f4
f6 15. fxe5 fxg5 16. d3 h6 17. O-O Nd5 18. Rf7 g6 19. Rxa7 Be7 20. e6 Rf8 21.
Rd7+ {Black resigns} 1-0

[Event "Team 45 45 League T32"]
[Site "Internet Chess Club"]
[Date "2007.02.26"]
[Round "6"]
[White "AAWegerif"]
[Black "fredd"]
[Result "1-0"]
[WhiteElo "1813"]
[BlackElo "1558"]
[ECO "C55"]
[TimeControl "2700+45"]

1. e4 e5 2. Nf3 Nc6 3. Bc4 Nf6 4. O-O Nxe4 5. Re1 d5 6. Bb5 Bc5 7. d4 a6 8.
Bxc6+ bxc6 9. dxc5 Qf6 10. Nc3 Bf5 11. Nxe4 dxe4 12. Ng5 Qg6 13. Qe2 Rd8 14. f3
exf3 15. Qxe5+ Kd7 16. Bf4 Rc8 17. Qe7# {Black checkmated} 1-0

[Event "Team 45 45 League T32"]
[Site "Internet Chess Club"]
[Date "2007.02.25"]
[Round "6"]
[White "jlowe"]
[Black "GolfSuper"]
[Result "1-0"]
[WhiteElo "1635"]
[BlackElo "1509"]
[ECO "B22"]
[TimeControl "2700+45"]

1. e4 c5 2. c3 d5 3. exd5 Qxd5 4. d4 Nf6 5. Nf3 e6 6. Bd3 Nc6 7. O-O Be7 8. Bf4
Nh5 9. Be3 Nf6 10. Na3 cxd4 11. Nb5 Qd7 12. Nbxd4 O-O 13. Qc2 a6 14. Rad1 Qc7
15. Rfe1 b5 16. Bg5 h6 17. Bxf6 Bxf6 18. Nxc6 Bb7 19. Nce5 Rad8 20. Be4 Rxd1 21.
Rxd1 Bxe4 22. Qxe4 Rd8 23. Rxd8+ Qxd8 24. Qd3 Qc7 25. Ng4 Be7 26. Ne3 Bd6 27. h4
Qe7 28. b3 Qd7 29. Kf1 Qc7 30. c4 bxc4 31. Qxc4 Qb6 32. Qc8+ Kh7 33. Nc4 Qb5 34.
Qd8 Bb4 35. Qb6 Qxb6 36. Nxb6 Kg6 37. Nc4 Kf6 38. a3 Bc5 39. b4 Ba7 40. a4 Ke7
41. b5 axb5 42. axb5 Kd7 43. b6 Bb8 44. g3 f6 45. Ke2 Kc6 46. Kd3 e5 47. h5 Kd5
48. Nfd2 Kc5 49. Ke4 Kb4 50. Kf5 Kc3 51. g4 Kd3 52. f3 {Black resigns} 1-0

[Event "Team 45 45 League T32"]
[Site "Internet Chess Club"]
[Date "2007.02.25"]
[Round "6"]
[White "strudel"]
[Black "Zyme"]
[Result "1-0"]
[WhiteElo "1446"]
[BlackElo "1523"]
[ECO "E92"]
[TimeControl "2700+45"]

1. d4 Nf6 2. c4 g6 3. Nc3 Bg7 4. e4 d6 5. Nf3 O-O 6. Be2 e5 7. dxe5 dxe5 8. Qxd8
Rxd8 9. Nxe5 Nxe4 10. Nxe4 Bxe5 11. O-O Nc6 12. Nc3 Bf5 13. Nd5 Rd7 14. a3 Nd4
15. Bd1 c6 16. Ne3 Be6 17. f4 Bg7 18. Rb1 Rad8 19. b4 Nf5 20. Be2 Bd4 21. Rf3
Nxe3 22. Bxe3 Bg4 23. Rbf1 Bxf3 24. Rxf3 Bxe3+ 25. Rxe3 Rd2 26. Kf2 Kf8 27. c5
R8d4 28. Kf3 f5 29. h3 Kf7 30. g4 fxg4+ 31. Kxg4 h5+ 32. Kg5 Rd5+ 33. Kh6 R2d4
34. Rf3 h4 35. Rc3 Rh5+ 36. Bxh5 gxh5 37. Kg5 Kg7 38. Rf3 Rd5+ 39. f5 Re5 40.
Kxh4 Kf6 41. Kxh5 Rxf5+ 42. Rxf5+ Kxf5 43. h4 Kf6 44. Kh6 Kf7 45. Kh7 Kf8 46. h5
Kf7 47. h6 Kf6 48. Kg8 Kg6 49. h7 {Black resigns} 1-0

[Event "Team 45 45 League T32"]
[Site "Internet Chess Club"]
[Date "2007.02.25"]
[Round "6"]
[White "jharris8000"]
[Black "mrmarck"]
[Result "1-0"]
[WhiteElo "1587"]
[BlackElo "1419"]
[ECO "A45"]
[TimeControl "2700+45"]

1. d4 Nf6 2. e3 d6 3. Bd3 g6 4. f4 Bg7 5. Nf3 Nc6 6. c3 d5 7. Nbd2 Be6 8. O-O
Qd7 9. Ne5 Nxe5 10. fxe5 Ng4 11. Nf3 f6 12. h3 fxe5 13. dxe5 Nxe5 14. Nxe5 Bxe5
15. Qf3 O-O-O 16. Bd2 Bf6 17. a4 Qd6 18. b4 c6 19. b5 Qc5 20. bxc6 Qxc6 21. a5
Bd7 22. Qf4 e5 23. Qb4 Kb8 24. Rab1 Bc8 25. Rb3 Rd7 26. Bb5 Be7 27. Bxc6 Bxb4
28. Bxd7 Bxa5 29. Bxc8 Rxc8 30. Rf7 Rc7 31. Rxc7 Kxc7 32. Rb5 {Black resigns}
1-0

[Event "Team 45 45 League T32"]
[Site "Internet Chess Club"]
[Date "2007.02.25"]
[Round "6"]
[White "curtintime"]
[Black "Millwright"]
[Result "1-0"]
[WhiteElo "1370"]
[BlackElo "1355"]
[ECO "C02"]
[TimeControl "2700+45"]

1. e4 e6 2. d4 d5 3. e5 c5 4. c3 Nc6 5. a3 a5 6. Bb5 Bd7 7. Nf3 Nxe5 8. Bxd7+
Nxd7 9. Qa4 Nf6 10. Ne5 h6 11. Be3 c4 12. O-O Be7 13. Nd2 O-O 14. Ndf3 Ne4 15.
Qxd7 Qxd7 16. Nxd7 Rfd8 17. Nde5 b5 18. Nc6 Rd7 19. Nxe7+ Rxe7 20. Ne5 Rea7 21.
f3 Nf6 22. Bf4 b4 23. cxb4 axb4 24. Nc6 bxa3 25. Nxa7 axb2 26. Ra3 {Black
resigns} 1-0

[Event "Team 45 45 League T32"]
[Site "Internet Chess Club"]
[Date "2007.02.23"]
[Round "6"]
[White "schweppz"]
[Black "JustinZ"]
[Result "1-0"]
[WhiteElo "1395"]
[BlackElo "1266"]
[ECO "D00"]
[TimeControl "2700+45"]

1. d4 d5 2. Nc3 Nf6 3. e4 dxe4 4. f3 exf3 5. Nxf3 Bg4 6. h3 Bxf3 7. Qxf3 Nc6 8.
d5 Nb4 9. Bb5+ Nd7 10. O-O Nxc2 11. Qxf7# {Black checkmated} 1-0

[Event "Team 45 45 League T32"]
[Site "Internet Chess Club"]
[Date "2007.02.24"]
[Round "6"]
[White "Gomer"]
[Black "tmac63"]
[Result "1-0"]
[WhiteElo "1321"]
[BlackElo "1124"]
[ECO "C01"]
[TimeControl "2700+45"]

1. e4 e6 2. d4 c5 3. Bc4 cxd4 4. Qxd4 Nf6 5. Nc3 d6 6. Nf3 Nc6 7. Qd3 Be7 8. O-O
O-O 9. Re1 Bd7 10. Be3 Qc7 11. Nb5 Ne5 12. Nxe5 Bxb5 13. Bxb5 dxe5 14. Bg5 Rad8
15. Qe2 a6 16. Bd3 Ne8 17. Qg4 Nf6 18. Qg3 Rfe8 19. Bh6 g6 20. c3 Bf8 21. Bg5
Bg7 22. Qf3 Rf8 23. Rad1 Rd6 24. Bxf6 Bh6 25. Bxe5 Rfd8 26. Qf6 Qb6 27. Qh8#
{Black checkmated} 1-0

[Event "Team 45 45 League T32"]
[Site "Internet Chess Club"]
[Date "2007.02.28"]
[Round "6"]
[White "guyd52"]
[Black "ChessZak"]
[Result "0-1"]
[WhiteElo "1253"]
[BlackElo "1520"]
[ECO "A00"]
[TimeControl "2700+45"]

1. g3 c5 2. Bg2 Nc6 3. Nf3 g6 4. d3 Bg7 5. Nbd2 Nf6 6. O-O O-O 7. Re1 d6 8. e4
Bg4 9. Nc4 b5 10. Ne3 Bxf3 11. Bxf3 Nd4 12. Bg2 b4 13. c3 bxc3 14. bxc3 Nb5 15.
Bb2 Nd7 16. Qd2 Qa5 17. e5 Bxe5 18. Bxa8 Rxa8 19. Nd5 Re8 20. f4 Bd4+ 21. Kg2 e6
22. Qc2 Bg7 23. a4 Nc7 24. Nxc7 Qxc7 25. c4 Qb7+ 26. Kh3 Qxb2 27. Qxb2 Bxb2 28.
Rab1 Bc3 29. Re2 Bb4 30. a5 Rd8 31. Ra2 Nb8 32. a6 Nc6 33. Kg4 f5+ 34. Kg5 Kg7
35. h4 Nd4 36. Rf1 h6# {White checkmated} 0-1

[Event "Team 45 45 League T32"]
[Site "Internet Chess Club"]
[Date "2007.02.23"]
[Round "6"]
[White "Fidelian"]
[Black "Traho"]
[Result "1-0"]
[WhiteElo "1344"]
[BlackElo "1388"]
[ECO "B10"]
[TimeControl "2700+45"]

1. e4 c6 2. Nf3 d5 3. exd5 cxd5 4. d4 Bg4 5. h3 Bxf3 6. Qxf3 e6 7. Bd3 Nf6 8. g4
Be7 9. g5 Nfd7 10. h4 f6 11. Rg1 f5 12. Qh5+ g6 13. Qe2 Qb6 14. c3 Nf8 15. a4 a5
16. Bf4 Bd6 17. Be5 Rg8 18. Bb5+ Nbd7 19. Rh1 Kd8 20. Bxd6 Qxd6 21. Nd2 Rh8 22.
Nf3 Qf4 23. Qe3 Qxe3+ 24. fxe3 h6 25. O-O-O Kc7 26. b3 Nb6 27. Ne5 h5 28. Rd2
Nc8 29. Rc2 Nd6 30. c4 Rc8 31. cxd5+ Kd8 32. dxe6 Rxc2+ 33. Kxc2 Ke7 34. d5 Nxb5
35. axb5 Rh7 36. Rd1 Ke8 37. b6 Rg7 38. Ra1 Nh7 39. Rxa5 Ke7 40. Kd3 Kd6 41.
Nf7+ Ke7 42. Ra7 {Black resigns} 1-0

[Event "Team 45 45 League T32"]
[Site "Internet Chess Club"]
[Date "2007.02.25"]
[Round "6"]
[White "Conjurer"]
[Black "uipawn"]
[Result "1-0"]
[WhiteElo "1238"]
[BlackElo "1135"]
[ECO "A17"]
[TimeControl "2700+45"]

1. c4 e6 2. Nc3 Nf6 3. Nf3 h6 4. g3 c6 5. Bg2 Qb6 6. O-O Be7 7. d4 d5 8. c5 Qc7
9. Bf4 Qd8 10. Ne5 b6 11. b4 b5 12. a4 bxa4 13. Qxa4 Bb7 14. b5 Nh5 15. bxc6
Nxc6 16. Nxc6 Qd7 17. Nxe7 Qxa4 18. Rxa4 Kxe7 19. Bd6+ Kd7 20. e4 Bc6 21. Ra6
Nf6 22. Rfa1 Rhc8 23. Rxa7+ Rxa7 24. Rxa7+ Kd8 25. Rxf7 Ne8 26. e5 Ra8 27. Bf1
Ra3 28. Ne2 Bb5 29. Nf4 Bd7 30. Kg2 Ra4 31. Ne2 Rb4 32. Rf3 Rb1 33. Rc3 Bb5 34.
Rc1 Rb4 35. c6 Nxd6 36. exd6 Rc4 37. Rxc4 dxc4 38. Nc3 Ba6 39. f4 g6 40. Kf2 h5
41. Bh3 Bc8 42. Ke3 Ke8 43. Ke4 Kf7 44. Ke5 g5 45. fxg5 Kg6 46. Bxe6 Bxe6 47.
Kxe6 Kxg5 48. d7 {Black resigns} 1-0

[Event "Team 45 45 League T32"]
[Site "Internet Chess Club"]
[Date "2007.02.25"]
[Round "6"]
[White "WCB"]
[Black "WilmaP"]
[Result "1/2-1/2"]
[WhiteElo "989"]
[BlackElo "1256"]
[ECO "B40"]
[TimeControl "2700+45"]

1. e4 c5 2. Nf3 e6 3. g3 a6 4. d4 cxd4 5. Bg2 d6 6. Nxd4 e5 7. Nf5 g6 8. Ne3 Nc6
9. Nd5 Nf6 10. Be3 Be6 11. Nbc3 Ng4 12. Qe2 Nxe3 13. Qxe3 Nd4 14. Qd2 Bg7 15. h3
Bxd5 16. Nxd5 Rc8 17. c3 Ne6 18. b4 b5 19. Rc1 f5 20. Qe2 Bh6 21. Rc2 O-O 22. h4
f4 23. h5 g5 24. Bh3 f3 25. Qe3 Qe8 26. Qb6 Rc4 27. Qxd6 Rxe4+ 28. Kd2 g4+ 29.
Kd3 Re2 30. Bxg4 Rxc2 31. Bxe6+ Kg7 32. Qxe5+ Rf6 33. Nxf6 Rd2+ 34. Ke4 Re2+ 35.
Kd5 Rxe5+ 36. Kxe5 Qb8+ 37. Kf5 Qb6 38. Rd1 Qxf2 39. Rd7+ Kf8 40. Nxh7+ Ke8 41.
Nf6+ Kf8 42. Nh7+ Ke8 43. Nf6+ Kf8 44. Nh7+ Ke8 45. Nf6+ {Game drawn by
repetition} 1/2-1/2

[Event "Team 45 45 League T32"]
[Site "Internet Chess Club"]
[Date "2007.02.24"]
[Round "6"]
[White "EdBorowski"]
[Black "chessateer"]
[Result "1/2-1/2"]
[WhiteElo "1915"]
[BlackElo "1896"]
[ECO "A46"]
[TimeControl "2700+45"]

1. d4 Nf6 2. Nf3 e6 3. Bf4 c5 4. c3 b6 5. e3 Bb7 6. Nbd2 cxd4 7. exd4 Be7 8. Bd3
O-O 9. Qe2 d6 10. O-O Nbd7 11. Rfe1 Re8 12. Qf1 Nh5 13. Bg3 Nxg3 14. hxg3 Nf6
15. Bb5 Rf8 16. Rad1 Rc8 17. Ba6 Qc7 18. Bxb7 Qxb7 19. Qd3 d5 20. Ne5 Bd6 21. f4
a5 22. a4 Rb8 23. Qb5 Bxe5 24. dxe5 Ng4 25. Nf3 Qe7 26. Nd4 Qc5 27. Kf1 Rfc8 28.
Ke2 Qc4+ 29. Kf3 h5 30. Nc2 Rc5 31. Qxc4 Rxc4 32. Rd4 Rbc8 33. Red1 f6 34. exf6
gxf6 35. Ne3 Nxe3 36. Kxe3 Kf7 37. Kf3 f5 38. Ke3 Kf6 {Game drawn by mutual
agreement} 1/2-1/2

[Event "Team 45 45 League T32"]
[Site "Internet Chess Club"]
[Date "2007.02.24"]
[Round "6"]
[White "Qualm"]
[Black "LennyH"]
[Result "1/2-1/2"]
[WhiteElo "1751"]
[BlackElo "1880"]
[ECO "C50"]
[TimeControl "2700+45"]

1. e4 e5 2. Nf3 Nc6 3. Bc4 Bc5 4. d3 Nf6 5. Be3 d6 6. O-O Bg4 7. Nbd2 O-O 8. c3
Re8 9. Qe2 Na5 10. Bb5 c6 11. Ba4 b5 12. Bc2 a6 13. Bg5 Nb7 14. Bb3 Bb6 15. h3
Bh5 16. Rfe1 Nc5 17. Bc2 Ne6 18. Be3 Qc7 19. Bxb6 Qxb6 20. Qe3 c5 21. g3 Qc7 22.
Nh4 Nf8 23. Nf1 Qd7 24. Kg2 Rac8 25. Bd1 Bxd1 26. Raxd1 d5 27. Nf5 Ne6 28. Nh2
d4 29. cxd4 cxd4 30. Qd2 Rc6 31. Rc1 Rec8 32. Rxc6 Rxc6 33. Rc1 {Game drawn by
mutual agreement} 1/2-1/2

[Event "Team 45 45 League T32"]
[Site "Internet Chess Club"]
[Date "2007.02.25"]
[Round "6"]
[White "Wheels"]
[Black "siddhu"]
[Result "1-0"]
[WhiteElo "1730"]
[BlackElo "1836"]
[ECO "C67"]
[TimeControl "2700+45"]

1. e4 e5 2. Nf3 Nc6 3. Bb5 Nf6 4. O-O Nxe4 5. Re1 Nd6 6. Nxe5 Be7 7. Ba4 Nxe5 8.
Rxe5 O-O 9. Nc3 Bf6 10. Re1 Re8 11. d3 c6 12. Bf4 Nf5 13. Rxe8+ Qxe8 14. Qe1
Qxe1+ 15. Rxe1 Kf8 16. g4 Ne7 17. Bd6 b5 18. Bb3 Ke8 19. Nxb5 Kd8 20. Nc7 Rb8
21. Ne6+ dxe6 22. Bxb8 Bxb2 23. Bxa7 Bb7 24. Bc5 Ng6 25. Rb1 {Black resigns} 1-0

[Event "Team 45 45 League T32"]
[Site "Internet Chess Club"]
[Date "2007.02.25"]
[Round "6"]
[White "parrot9"]
[Black "Sean"]
[Result "1/2-1/2"]
[WhiteElo "1761"]
[BlackElo "1663"]
[ECO "C01"]
[TimeControl "2700+45"]

1. e4 e6 2. d4 d5 3. exd5 exd5 4. c4 dxc4 5. Bxc4 Nf6 6. Nf3 Bb4+ 7. Nc3 O-O 8.
O-O Bg4 9. Be3 Nc6 10. a3 Ba5 11. d5 Ne5 12. Be2 Nxf3+ 13. Bxf3 Bxf3 14. Qxf3
Bxc3 15. bxc3 Qxd5 16. Qg3 c6 17. Bd4 Qf5 18. Rab1 b6 19. Qd6 c5 20. Bxf6 Qxf6
21. Qxf6 gxf6 22. Rfe1 Rfe8 23. Kf1 Kf8 24. Rbd1 Rxe1+ 25. Kxe1 Ke7 26. Rd3 Rd8
27. Rh3 Rh8 28. Kd2 Rd8+ 29. Ke2 Rh8 30. Kd2 Rd8+ 31. Ke2 Rh8 32. Kd2 {Game
drawn by repetition} 1/2-1/2

[Event "Team 45 45 League T32"]
[Site "Internet Chess Club"]
[Date "2007.03.01"]
[Round "6"]
[White "geolovic"]
[Black "PiedraBuena"]
[Result "1-0"]
[WhiteElo "1749"]
[BlackElo "1764"]
[ECO "B00"]
[TimeControl "2700+45"]

1. e4 Nc6 2. Nf3 d6 3. d4 e5 4. Nc3 Bg4 5. Bb5 Ne7 6. dxe5 Bxf3 7. Qxf3 dxe5 8.
Bc4 f6 9. O-O Ng6 10. Be3 Nd4 11. Bxd4 Qxd4 12. Bb3 O-O-O 13. Rad1 Qb6 14. Qf5+
Kb8 15. Rxd8# {Black checkmated} 1-0

[Event "Team 45 45 League T32"]
[Site "Internet Chess Club"]
[Date "2007.02.24"]
[Round "6"]
[White "chipionero"]
[Black "fantanaranja"]
[Result "1-0"]
[WhiteElo "1712"]
[BlackElo "1713"]
[ECO "E10"]
[TimeControl "2700+45"]

1. d4 Nf6 2. c4 e6 3. Nf3 g6 4. Nc3 Bg7 5. e4 d6 6. Be2 O-O 7. Bg5 h6 8. Bh4 g5
9. Bg3 Nh5 10. Qd2 Nc6 11. e5 Nxg3 12. hxg3 dxe5 13. dxe5 Qxd2+ 14. Nxd2 Nxe5
15. Rb1 b6 16. f3 Bb7 17. Nb5 a6 18. Nc3 Rfd8 19. Nb3 Nd3+ 20. Bxd3 Rxd3 21. Ke2
Rad8 22. Rhd1 Rxd1 23. Rxd1 Rxd1 24. Nxd1 Kf8 25. Nd2 Ke7 26. b3 g4 27. Ne3
gxf3+ 28. gxf3 b5 29. Kd3 Be5 30. f4 Bb2 31. Ne4 Bxe4+ 32. Kxe4 Kd6 33. cxb5
axb5 34. a4 b4 35. Nc4+ Kc5 36. Nxb2 f6 37. Nd3+ Kd6 38. Nxb4 f5+ 39. Ke3 c5 40.
Nd3 Kc6 41. Ne5+ Kb6 42. Kd3 Ka5 43. Kc4 Kb6 44. Nd7+ {Black resigns} 1-0

[Event "Team 45 45 League T32"]
[Site "Internet Chess Club"]
[Date "2007.02.21"]
[Round "6"]
[White "egd01"]
[Black "olivares"]
[Result "0-1"]
[WhiteElo "1520"]
[BlackElo "1601"]
[ECO "D00"]
[TimeControl "2700+45"]

1. d4 d5 2. Bf4 Nc6 3. e3 Bf5 4. Nd2 e6 5. Ngf3 Nf6 6. c4 Nb4 7. Qa4+ c6 8. Rc1
dxc4 9. Bxc4 Be7 10. Nh4 Bd3 11. a3 b5 12. Bxb5 Bxb5 13. Qb3 Nd3+ 14. Kd1 Nxc1
15. Kxc1 Nd5 16. Bg3 Bxh4 17. a4 Ba6 18. Ne4 Bxg3 19. hxg3 Rb8 20. Qa3 Qe7 21.
Nc5 Bc8 22. a5 O-O 23. Qd3 f5 24. Qe2 Qg5 25. Rh5 Qg4 26. Qxg4 fxg4 27. Ne4 Nf6
28. Nxf6+ Rxf6 29. Rc5 Bd7 30. Rc2 Rh6 31. Kd2 Rh2 32. Kd3 Rxg2 33. Ke4 Rf8 34.
Ke5 Rgxf2 35. Rc5 Kf7 36. Kd6 Ke8 37. b4 R2f5 38. Rc3 Rd5+ 39. Kc7 Rf3 40. Kb7
Rxd4 41. Kxa7 Rxb4 42. Rd3 Rf5 43. Ra3 Kd8 44. a6 Rfb5 45. Ka8 c5 46. Rd3 Ra4
47. a7 Kc7 48. Rd4 Bc6# {White checkmated} 0-1

[Event "Team 45 45 League T32"]
[Site "Internet Chess Club"]
[Date "2007.02.26"]
[Round "6"]
[White "Juan73"]
[Black "arriero55"]
[Result "0-1"]
[WhiteElo "1560"]
[BlackElo "1584"]
[ECO "B23"]
[TimeControl "2700+45"]

1. e4 c5 2. Nc3 e6 3. Nf3 a6 4. d4 Nf6 5. Bg5 Be7 6. dxc5 Nc6 7. a3 h6 8. Bh4 g5
9. Bg3 Bxc5 10. b4 Ba7 11. Bd3 b5 12. Ne5 Nxe5 13. Bxe5 d6 14. Bg3 Bd4 15. Ne2
Bxa1 16. Qxa1 e5 17. O-O O-O 18. Rd1 Bg4 19. f3 Be6 20. h4 Nh5 21. Qc1 Rc8 22.
Bf2 Qf6 23. g4 Nf4 24. Ng3 Nh3+ 25. Kg2 Nf4+ 26. Kh2 gxh4 27. Nf5 Bxf5 28. gxf5
Kh7 29. Rd2 Rg8 30. Be3 Qg5 31. Bf1 Qg3+ 32. Kh1 Qxf3+ 33. Kh2 Qxe3 34. Be2 Qf2+
35. Kh1 Qg2# {White checkmated} 0-1

[Event "Team 45 45 League T32"]
[Site "Internet Chess Club"]
[Date "2007.02.27"]
[Round "6"]
[White "fledermaus"]
[Black "Ozgur-Bjk"]
[Result "0-1"]
[WhiteElo "2016"]
[BlackElo "2125"]
[ECO "D58"]
[TimeControl "2700+45"]

1. d4 d5 2. c4 e6 3. Nc3 Nf6 4. Bg5 Be7 5. e3 O-O 6. Nf3 h6 7. Bh4 b6 8. Rc1 Bb7
9. Bxf6 Bxf6 10. cxd5 exd5 11. b4 Qe7 12. Qb3 Rd8 13. b5 a6 14. a4 axb5 15. Bxb5
c6 16. Be2 Nd7 17. O-O Qe6 18. Rb1 Be7 19. Rfd1 Bd6 20. Qc2 Re8 21. Bd3 g6 22.
Re1 Bc7 23. e4 dxe4 24. Nxe4 Qd5 25. Nc3 Qd6 26. d5 Nc5 27. Ne4 Nxe4 28. Rxe4
Rxe4 29. Bxe4 cxd5 30. Rd1 Rd8 31. Ne1 Qxh2+ 32. Kf1 Ba6+ 33. Bd3 Qh1+ 34. Ke2
Re8+ 35. Kf3 Qh5+ {White resigns} 0-1

[Event "Team 45 45 League T32"]
[Site "Internet Chess Club"]
[Date "2007.03.02"]
[Round "6"]
[White "Ser-Enigma"]
[Black "ddlj81"]
[Result "0-1"]
[WhiteElo "2068"]
[BlackElo "1983"]
[ECO "D11"]
[TimeControl "2700+45"]

1. d4 d5 2. c4 c6 3. Nf3 Nf6 4. g3 Bf5 5. Bg2 e6 6. O-O Bd6 7. Nc3 O-O 8. Nh4
Bg4 9. h3 Bh5 10. Qd3 dxc4 11. Qxc4 Nbd7 12. e4 e5 13. d5 cxd5 14. exd5 Rc8 15.
Qb5 Nc5 16. g4 Nxg4 17. hxg4 Bxg4 18. Nf3 a6 19. Qc4 f5 20. Bg5 Qe8 21. Nh2 b5
22. Qb4 Ne4 23. Qa5 Nxg5 24. Qxa6 Qg6 25. Nxb5 Nf3+ 26. Kh1 Qh6 27. Bxf3 Bxf3+
28. Kg1 Qg6+ 29. Ng4 Qxg4+ {White resigns} 0-1

[Event "Team 45 45 League T32"]
[Site "Internet Chess Club"]
[Date "2007.02.26"]
[Round "6"]
[White "siddhu"]
[Black "Ben85"]
[Result "0-1"]
[WhiteElo "1825"]
[BlackElo "1957"]
[ECO "C80"]
[TimeControl "2700+45"]

1. e4 e5 2. Nf3 Nc6 3. Bb5 a6 4. Ba4 Nf6 5. O-O Nxe4 6. d4 b5 7. Bb3 d5 8. dxe5
Be6 9. Nbd2 Nc5 10. c3 d4 11. Ng5 Bd5 12. Nxf7 Kxf7 13. Qf3+ Ke6 14. Ne4 Nxe4
15. Qxe4 Ne7 16. f4 Bxb3 17. f5+ Kf7 18. axb3 Qd5 19. Qf4 d3 20. e6+ Ke8 21. f6
Qxe6 22. fxe7 Bxe7 23. Qxc7 Rc8 24. Qb7 Rf8 25. Rxf8+ Bxf8 26. Bd2 Kd8 27. Rxa6
Qf5 28. Qf3 Bc5+ 29. Kf1 Qd7 30. Ra8 Rxa8 31. Qxa8+ Ke7 32. Qe4+ Kf7 33. Qxh7
Qg4 {White resigns} 0-1

[Event "Team 45 45 League T32"]
[Site "Internet Chess Club"]
[Date "2007.02.25"]
[Round "6"]
[White "BaroneRosso"]
[Black "SkinnyPuppy"]
[Result "1/2-1/2"]
[WhiteElo "2030"]
[BlackElo "2165"]
[ECO "D45"]
[TimeControl "2700+45"]

1. d4 d5 2. c4 e6 3. Nc3 c6 4. e3 Nf6 5. Nf3 Nbd7 6. Qc2 Bb4 7. Bd3 dxc4 8. Bxc4
b5 9. Bd3 Bb7 10. O-O Bxc3 11. bxc3 O-O 12. e4 e5 13. Bg5 h6 14. Bh4 Re8 15.
Rfd1 Qe7 16. Re1 a6 17. a4 Rac8 18. Qb2 Qd6 19. Rad1 Qc7 20. Bxf6 gxf6 21. Qd2
Kh7 22. Nh4 Rg8 23. Nf5 Rg5 24. h4 Rg6 25. Ne7 Nf8 26. Nxg6 Nxg6 27. g3 Rg8 28.
Kh1 Qd7 29. Kh2 Nxh4 30. Qe3 Ng6 31. Rh1 Bc8 32. Kg1 Nf4 33. Kf1 Qg4 34. Be2 Qg5
35. Bf3 Bh3+ 36. Ke1 Ng2+ 37. Bxg2 Bxg2 38. Qxg5 Rxg5 39. Rh4 exd4 40. Rxd4 f5
41. exf5 Rxf5 42. axb5 axb5 43. Rhf4 Re5+ 44. Kd2 Bd5 45. Kc1 Kg6 46. Kb2 Re1
47. Rd3 Re2+ 48. Ka3 Ra2+ 49. Kb4 Ra4+ 50. Kc5 Rxf4 51. gxf4 Kf5 52. Rh3 Kxf4
53. Rxh6 f5 54. Rh3 Bg2 55. Rg3 Bd5 56. Kd4 Bf3 57. Rh3 Bg2 58. Rg3 Bf3 59. Rh3
Bg2 60. Rg3 {Game drawn by mutual agreement} 1/2-1/2

[Event "Team 45 45 League T32"]
[Site "Internet Chess Club"]
[Date "2007.02.25"]
[Round "6"]
[White "camembert"]
[Black "Chief-Justice"]
[Result "1/2-1/2"]
[WhiteElo "1938"]
[BlackElo "1891"]
[ECO "D37"]
[TimeControl "2700+45"]

1. d4 d5 2. c4 e6 3. Nc3 Nf6 4. Nf3 Be7 5. Bf4 c6 6. e3 O-O 7. Qc2 Nbd7 8. h3
Qa5 9. Nd2 a6 10. Bd3 b5 11. cxb5 cxb5 12. O-O Bb7 13. Nb3 Qb6 14. Rac1 Rfc8 15.
Qd2 Ne8 16. Na1 Nd6 17. b3 Bc6 18. Nc2 Nf6 19. f3 b4 20. Ne2 a5 21. Ne1 Bd7 22.
Rxc8+ Rxc8 23. Bxd6 Bxd6 24. Bb1 Bb5 25. Nd3 Nd7 26. Rc1 Qa6 27. Rxc8+ Qxc8 28.
Qc2 Qxc2 29. Bxc2 e5 30. dxe5 Nxe5 31. Nxe5 Bxe5 32. Nd4 Bd7 33. Bf5 Bxd4 34.
Bxd7 Bxe3+ 35. Kf1 Kf8 36. Ke2 d4 37. Bf5 h6 38. Bc2 Ke7 39. Kd3 Kd6 40. Kc4 Kc6
41. Be4+ Kb6 42. Bd5 f6 43. Be4 h5 44. Bg6 h4 45. Be4 Bf2 46. Kd5 Be3 47. Kc4
Ka6 48. Bf5 Kb6 {Game drawn by mutual agreement} 1/2-1/2

[Event "Team 45 45 League T32"]
[Site "Internet Chess Club"]
[Date "2007.02.26"]
[Round "6"]
[White "crispin"]
[Black "Beetlejuice"]
[Result "1-0"]
[WhiteElo "1777"]
[BlackElo "1870"]
[ECO "C42"]
[TimeControl "2700+45"]

1. e4 e5 2. Nf3 Nf6 3. Nc3 Bb4 4. Bc4 O-O 5. O-O d6 6. Re1 Bg4 7. h3 Bh5 8. a3
Ba5 9. b4 Bb6 10. Nd5 Nxd5 11. Bxd5 c6 12. Bb3 a5 13. Bb2 Re8 14. g4 Bg6 15. c4
Na6 16. Bc3 Qf6 17. d3 Nc7 18. Bd2 Ne6 19. Be3 Bxe3 20. Rxe3 Nf4 21. Kh2 Red8
22. Ra2 Qe7 23. Rd2 h5 24. Qg1 axb4 25. axb4 Ra3 26. Bc2 Rda8 27. d4 f6 28. d5
cxd5 29. cxd5 Qd7 30. Nh4 Be8 31. Qg3 Ra2 32. Rc3 Qb5 33. Bd3 Qxb4 34. Rxa2 Rxa2
35. Rc8 Qa4 36. Bf1 Ra1 37. Bg2 g5 38. gxh5 Ra3 39. Qg4 Kf8 40. h6 Kg8 41. Ng6
Kh7 42. Nxf4 exf4 43. Qe6 Bg6 44. Qe7+ {Black resigns} 1-0

[Event "Team 45 45 League T32"]
[Site "Internet Chess Club"]
[Date "2007.02.24"]
[Round "6"]
[White "rgadoury"]
[Black "Mississippian"]
[Result "0-1"]
[WhiteElo "1305"]
[BlackElo "1428"]
[ECO "C68"]
[TimeControl "2700+45"]

1. e4 e5 2. Nf3 Nc6 3. Bb5 a6 4. Bxc6 dxc6 5. h3 Bd6 6. d3 Ne7 7. O-O h6 8. Nc3
Be6 9. Be3 Qd7 10. d4 exd4 11. Bxd4 O-O-O 12. Be5 Rhg8 13. Ne2 g5 14. Bxd6 Qxd6
15. Qxd6 cxd6 16. Nfd4 Bd7 17. f3 f5 18. exf5 Nxf5 19. Nxf5 Bxf5 20. c3 Bd3 21.
Rf2 Rge8 22. Re1 Re3 23. Kh2 Rde8 24. Kg3 Rxe2 25. Rexe2 Bxe2 26. Kg4 Bc4 27.
Kh5 Rh8 28. Kg6 Bxa2 29. Kg7 Rg8+ 30. Kxh6 Kd7 31. Re2 b5 32. b4 Bc4 33. Re1 c5
34. Ra1 cxb4 35. cxb4 Ra8 36. Kxg5 d5 37. Kf4 d4 38. g4 Ke6 39. h4 Kd5 40. g5 d3
41. g6 Kd4 42. h5 d2 43. h6 Bd3 44. Kg5 Ke3 45. h7 Kxf3 46. Kh6 Ke2 47. g7 Bxh7
48. Kxh7 d1=Q 49. Rxd1 Kxd1 50. g8=Q Rxg8 51. Kxg8 Kc2 52. Kf7 Kb3 53. Ke6 Kxb4
54. Kd5 a5 55. Kd4 a4 56. Kd3 Kb3 57. Kd2 Kb2 {White resigns} 0-1

[Event "Team 45 45 League T32"]
[Site "Internet Chess Club"]
[Date "2007.02.25"]
[Round "6"]
[White "Hastings"]
[Black "Russ"]
[Result "1-0"]
[WhiteElo "1335"]
[BlackElo "1203"]
[ECO "B23"]
[TimeControl "2700+45"]

1. e4 c5 2. Nc3 d6 3. f4 Nf6 4. Nf3 e6 5. b3 Be7 6. Bb2 O-O 7. Bd3 Nbd7 8. h3 h6
9. Qe2 e5 10. fxe5 dxe5 11. Nd5 Nxd5 12. exd5 f6 13. g4 Nb6 14. Qe4 Qxd5 15.
Qh7+ Kf7 16. Bg6+ Ke6 17. Be4 Qd8 18. Qxg7 Rh8 19. Qg6 Qg8 20. Qf5+ Kd6 21. Qh5
Qe8 22. Qh4 Be6 23. Qf2 Kc7 24. O-O-O Rd8 25. Qg2 Bd5 26. Rhe1 Bxe4 27. Rxe4 Nd5
28. Rde1 Nf4 29. Qh2 Bd6 30. Nxe5 fxe5 31. Bxe5 Bxe5 32. Rxe5 Qf8 33. Rf5 Qd6
34. Qxf4 Qxf4 35. Rxf4 Rh7 36. Re6 Rd6 37. Rff6 Rxe6 38. Rxe6 Kd7 39. Rg6 Ke7
40. d3 Kf7 41. Rd6 Ke7 42. Rd5 b6 43. h4 Ke6 44. Rh5 Kf7 45. Kd2 Kg6 46. Ke3 Rf7
47. Rd5 Rd7 48. Rxd7 {Black resigns} 1-0